 Dungeon Crawl Stone Soup version 0.30-a0-219-gf2db51d15e (webtiles) character file.

Game seed: 1625256921528281713

6432 MovingMist the Nimble (level 10, -1/71 HPs)
             Began as a Demonspawn Gladiator on Oct 7, 2022.
             Slain by a yak (9 damage)
             ... on level 8 of the Dungeon.
             The game lasted 00:18:29 (7810 turns).

MovingMist the Nimble (Demonspawn Gladiator)        Turns: 7810, Time: 00:18:29

Health: -1/71      AC:  6    Str: 15    XL:     10   Next: 67%
Magic:  19/19      EV: 16    Int: 10    God:
Gold:   284        SH:  5    Dex: 18    Spells: 15/21 levels left

rFire   . . .      SeeInvis .    P - +2 whip (elec)
rCold   . . .      Faith    .    (no shield)
rNeg    + . .      Spirit   .    k - +0 ring mail
rPois   .          Reflect  +    (helmet restricted)
rElec   .          Harm     .    x - scarf {+Inv}
rCorr   .          Rampage  .    s - +0 pair of gloves
Will    +....                    (no boots)
Stlth   +.........               r - amulet of reflection
HPRegen 0.31/turn                y - ring of willpower
MPRegen 0.16/turn                a - ring of positive energy

@: no status effects
A: antennae 1, hooves 2, spiny 1, demonic magic 2, demonic touch 1
a: Evoke Invisibility


You were on level 8 of the Dungeon.
You visited 2 branches of the dungeon, and saw 9 of its levels.

You collected 366 gold pieces.
You spent 82 gold pieces at shops.

Inventory:

Hand Weapons
 P - a +2 whip of electrocution (weapon)
Missiles
 d - 3 throwing nets (quivered)
 e - 5 javelins
Armour
 k - a +0 ring mail (worn)
 l - a +0 plate armour
 s - a +0 pair of gloves (worn)
 x - a scarf of invisibility (worn)
 O - a +0 cloak
Jewellery
 a - a ring of positive energy (right hand)
 r - an amulet of reflection (around neck)
 y - a ring of willpower (left hand)
 M - a ring of flight
Wands
 c - a wand of polymorph (9)
 w - a wand of mindburst (27)
 A - a wand of flame (17)
 C - a wand of digging (3)
 D - a wand of paralysis (4)
 G - a wand of light (13)
 J - a wand of roots (8)
Scrolls
 b - 3 scrolls of fog
 h - 3 scrolls of immolation {unknown}
 j - 2 scrolls of vulnerability {unknown}
 n - 2 scrolls of noise {unknown}
 v - 4 scrolls of fear {unknown}
 z - 6 scrolls of teleportation {unknown}
 B - 2 scrolls of enchant armour {unknown}
 E - a scroll of poison {unknown}
 F - 2 scrolls of amnesia {unknown}
 K - 2 scrolls of magic mapping
 L - a scroll of enchant weapon {unknown}
Potions
 f - 2 potions of resistance
 g - 4 potions of attraction
 i - 2 potions of might {unknown}
 m - a potion of cancellation
 o - 4 potions of curing
 p - a potion of berserk rage {unknown}
 q - 3 potions of lignification {unknown}
 t - a potion of heal wounds {unknown}
 H - a potion of magic {unknown}
 I - 7 potions of degeneration {unknown}
 N - a potion of ambrosia
 Q - a potion of mutation {unknown}


   Skills:
 - Level 3.8 Fighting
 + Level 8.5 Long Blades
 - Level 1.7 Throwing
 * Level 3.5 Armour
 - Level 10.0 Dodging
 - Level 6.0 Spellcasting
 + Level 2.3 Transmutations


You had 15 spell levels left.
You knew the following spells:

 Your Spells              Type           Power      Damage    Failure   Level
a - Wereblood             Tmut           7%         N/A       22%         2
b - Passage of Golubria   Tloc           3%         N/A       98%         4

Your spell library contained the following spells:

 Spells                   Type           Power      Damage    Failure   Level
 Beastly Appendage        Tmut           14%        N/A       16%         1
 Spider Form              Tmut/Pois      5%         N/A       58%         3
 Tukima's Dance           Hex            3%         N/A       75%         3
 Petrify                  Tmut/Erth      5%         N/A       94%         4
 Metabolic Englaciation   Hex/Ice        1%         N/A       100%        5
 Yara's Violent Unravell  Hex/Tmut       2%         3d3       100%        5
 Statue Form              Tmut/Erth      3%         N/A       100%        6


Dungeon Overview and Level Annotations

Branches:
Dungeon (8/15)             Temple (1/1) D:6            Lair (0/5) D:8

Altars:
Ashenzari
Cheibriados
Dithmenos
Fedhas
Gozag
Hepliaklqana
Kikubaaqudgha
Makhleb
Nemelex Xobeh
Qazlal
Ru
Sif Muna
Trog
Uskayaw
Vehumet
Wu Jian
Xom
Yredelemnul

Shops:
D:5 *   D:6 *   D:7 [


Innate Abilities, Weirdness & Mutations

You have a pair of small antennae on your head.
You have hoof-like feet.
You are partially covered in sharp spines.
Spells you cast may paralyse nearby enemies.
Your touch may inflict minor irresistible damage on your foes.


Message History

The yak is almost dead.
The yak is struck by your spines. The yak misses you.
You closely miss the yak. You kick the yak, but do no damage.
The yak is almost dead.
The yak gores you!
You hit the yak. Lightning courses through the yak!!
You kill the yak!
You hit the yak but do no damage. Lightning courses through the yak!
You kick the yak.
The yak is severely wounded.
The yak gores you but does no damage.
You hit the yak. You kick the yak.
The yak is severely wounded.
The yak is struck by your spines. The yak gores you!
You hit the yak but do no damage. You kick the yak.
You kill the yak!
You hit the yak but do no damage. Your kick misses the yak.
Your touch misses the yak. You hit the yak. You kick the yak, but do no damage.
The yak is lightly wounded.
The yak is struck by your spines. The yak gores you!
The yak is struck by your spines. The yak misses you.
You hit the yak. Lightning courses through the yak!
You kick the yak, but do no damage.
The yak is severely wounded.
The yak closely misses you. The yak gores you!
* * * LOW HITPOINT WARNING * * *
The yak is struck by your spines. The yak gores you!
* * * LOW HITPOINT WARNING * * *
The yak misses you.
You hit the yak. Your kick misses the yak.
The yak is moderately wounded.
The yak is struck by your spines. The yak closely misses you.
The yak gores you!
* * * LOW HITPOINT WARNING * * *
You feel better. The yak completely misses you. x2
You hit the yak but do no damage. Your kick misses the yak.
You touch the yak!
The yak is severely wounded.
The yak is struck by your spines. The yak gores you!
You die...

#### ##.####### #..###....#...##
#...##.........#
.....##......### .....##..#....#
### ..#.######....#####...##
#### .##.##
#......>.#.#....##...#
.....###......###............
..............##@Y..##..... .
......##......##Y##.##.... .#.
.....####........####...##.....
.................##......#......
..........#...........).#.#.....
..........##.####.#Y............
...........#..# #####.........#
........ .....#.#.###..#.....##
.)...... ....................#


You could see 2 yaks.

Vanquished Creatures
  A death yak (D:7)
  Pikel (D:6)
  The ghost of Tenar the Shield-Bearer, an amateur FoFi (D:4)
  Grinder (D:3)
  6 yaks
  3 wyverns
  A steam dragon (D:6)
  A water moccasin (D:7)
  Duvessa (D:4)
  2 ice beasts
  4 black bears
  2 orc warriors
  A sky beast (D:6)
  An ogre (D:6)
  3 lemures (D:6)
  A centaur (D:6)
  A phantom (D:6)
  A kobold brigand (D:7)
  2 bullfrogs (D:8)
  A gnoll sergeant (D:7)
  2 necrophages (D:6)
  3 scorpions
  2 water moccasin zombies (D:6)
  Dowan (D:4)
  5 killer bees (D:7)
  A human zombie (D:6)
  3 centaur zombies (D:6)
  6 hounds
  5 orc priests
  2 jellies
  3 bullfrog skeletons (D:6)
  3 bullfrog zombies (D:6)
  Ijyb (D:4)
  6 orc wizards
  6 iguanas
  A killer bee zombie (D:6)
  3 mummies (D:6)
  6 howler monkey zombies (D:6)
  7 adders
  3 gnolls (D:7)
  A shadow imp (D:6)
  A worm (D:2)
  3 dart slugs
  38 orcs
  5 endoplasms
  7 giant cockroaches
  7 goblins
  9 hobgoblins
  3 quokkas
  6 ball pythons
  7 bats
  A frilled lizard (D:3)
  8 kobolds
  4 rats
204 creatures vanquished.

Vanquished Creatures (others)
  A fungus (D:8)
  A plant (D:8)
  2 withered plants (D:6)
4 creatures vanquished.

Grand Total: 208 creatures vanquished

Notes
Turn   | Place    | Note
-------+----------+-------------------------------------------
     0 | D:1      | MovingMist the Demonspawn Gladiator began the quest for the
                  | Orb.
     0 | D:1      | Reached XP level 1. HP: 16/16 MP: 1/1
   140 | D:1      | Reached skill level 3 in Dodging
   185 | D:1      | Gained mutation: Spells you cast may paralyse adjacent
                  | enemies. [demonic ancestry]
   185 | D:1      | Reached XP level 2. HP: 22/22 MP: 2/2
   793 | D:1      | Found a faded altar of an unknown god.
   886 | D:2      | You fall into a shaft and drop 1 floor!
   886 | D:3      | Found a radiant altar of Vehumet.
   951 | D:2      | Reached XP level 3. HP: 23/28 MP: 3/3
  1137 | D:2      | Found the +8 Wrath of Trog {antimagic, *Rage Rampage}
  1413 | D:2      | Identified the +2 falchion of the Sharing Lamprey {pain,
                  | +Blink rPois Dex-3}
  2004 | D:3      | Noticed Grinder
  2007 | D:3      | Paralysed by Grinder for 4 turns
  2016 | D:3      | Killed Grinder
  2017 | D:3      | Reached skill level 4 in Dodging
  2017 | D:3      | Discovered your monstrous ancestry.
  2017 | D:3      | Gained mutation: Your touch may inflict minor irresistible
                  | damage on your foes. [demonic ancestry]
  2017 | D:3      | Reached XP level 4. HP: 27/35 MP: 1/4
  2017 | D:3      | Gained mutation: You are partially covered in sharp spines.
                  | [demonic ancestry]
  2017 | D:3      | Reached XP level 5. HP: 32/41 MP: 1/5
  2392 | D:3      | Found a bloodstained altar of Trog.
  2410 | D:4      | Noticed Ijyb
  2415 | D:4      | Gained mutation: You have a pair of small antennae on your
                  | head. [demonic ancestry]
  2415 | D:4      | Reached XP level 6. HP: 47/47 MP: 2/6
  2419 | D:4      | Killed Ijyb
  2420 | D:4      | Reached skill level 5 in Dodging
  2465 | D:4      | Learned a level 2 spell: Wereblood
  2717 | D:4      | Found a runed translucent door.
  2729 | D:4      | Noticed Tenar's ghost (amateur FoFi)
  2807 | D:4      | Killed Tenar's ghost
  2808 | D:4      | Reached skill level 1 in Spellcasting
  2808 | D:4      | Gained mutation: Spells you cast may paralyse nearby
                  | enemies. [demonic ancestry]
  2808 | D:4      | Reached XP level 7. HP: 35/53 MP: 3/9
  2923 | D:4      | Reached skill level 6 in Dodging
  3043 | D:4      | Noticed Duvessa
  3046 | D:4      | Noticed Dowan
  3049 | D:4      | Killed Duvessa
  3052 | D:4      | Killed Dowan
  3212 | D:5      | Entered Level 5 of the Dungeon
  3231 | D:5      | Found Yloplaph's General Store.
  3235 | D:5      | Gained mutation: You have large cloven feet. [demonic
                  | ancestry]
  3235 | D:5      | Reached XP level 8. HP: 60/60 MP: 3/11
  3245 | D:5      | Reached skill level 5 in Long Blades
  3286 | D:5      | Bought a scroll of magic mapping for 82 gold pieces
  3411 | D:5      | Reached skill level 7 in Dodging
  3934 | D:6      | Found a staircase to the Ecumenical Temple.
  3942 | Temple   | Entered the Ecumenical Temple
  4210 | D:6      | Found an ornate altar of the Wu Jian Council.
  4308 | D:6      | Noticed Pikel
  4320 | D:6      | Killed Pikel
  4321 | D:6      | Reached skill level 8 in Dodging
  4321 | D:6      | Gained mutation: You have hoof-like feet. [demonic
                  | ancestry]
  4321 | D:6      | Reached XP level 9. HP: 51/65 MP: 5/15
  4335 | D:6      | HP: 3/65 [orc priest/divine providence (9)]
  4533 | D:6      | Found Suvaf's General Store.
  4542 | D:6      | Reached skill level 9 in Dodging
  4833 | D:6      | Reached skill level 5 in Spellcasting
  5128 | D:6      | Found a sparkling altar of Nemelex Xobeh.
  5324 | D:6      | Found an ancient bone altar of Kikubaaqudgha.
  5649 | D:7      | Found Sekhlokh's Antique Armour Shoppe.
  6106 | D:7      | Reached XP level 10. HP: 54/71 MP: 18/18
  6744 | D:8      | Found a staircase to the Lair.
  6744 | D:8      | Noticed a death yak
  6760 | D:8      | Reached skill level 10 in Dodging
  6769 | D:7      | Killed a death yak
  6910 | D:8      | Learned a level 4 spell: Passage of Golubria
  6965 | D:8      | Reached skill level 1 in Armour
  7099 | D:8      | Reached skill level 1 in Transmutations
  7808 | D:8      | HP: 3/71 [yak (7)]
  7810 | D:8      | Slain by a yak

Illustrated notes

Levels and vault maps discovered:
D:1:      erik_arrival_blinker_ship, layout_basic,
          shapermc_ecumenical_altar_mp_vishouse, minmay_misc_feat_roman
D:2:      layout_loops_cross, minmay_octomino_c4
D:3:      layout_basic, nicolae_vehumet_radiance,
          gammafunk_temple_overflow_pools, minmay_misc_feat_secret_circle,
          minivault_27, chequers_serial_rivers_room_b, minmay_misc_feat_doors,
          minmay_box_of_dots, uniq_grinder
D:4:      layout_rooms, ebering_ghost_reflecting_pool, uniq_duvessa, uniq_ijyb
D:5:      layout_rooms, serial_shops, shop, kennysheep_generic_room_10
D:6:      layout_basic, nicolae_wu_jian_wuxing_cycle,
          lemuel_mausoleum_altar_kikubaaqudgha, nemelex_dance_club_becter,
          minmay_temple_entry_mini_moons, serial_shops, nicolae_shop_crystal,
          serial_undead, serial_undead_b, serial_undead_d, serial_undead_d,
          serial_undead_f, serial_undead_e, serial_undead_e, serial_undead_d,
          item_on_display_a, uniq_pikel
D:7:      layout_basic, serial_shops, nicolae_square_shop
D:8:      layout_cave_pools, david_lair_generic, serial_shops, shop_statue
Temple:   regret_index_temple_generic_petals

Skill      XL: |  1  2  3  4  5  6  7  8  9 10 |
---------------+-------------------------------+-----
Dodging        | 3 4 5 6 8 9 10 | 10.0
Long Blades    | 3 4 6 7 8 |  8.5
Fighting       | 3 |  3.8
Spellcasting   | 1 2 4 5 6 |  6.0
Armour         | 3 |  3.5
Transmutations | 2 |  2.3
Throwing       | |  1.7

Action                   |  1- 3 |  4- 6 |  7- 9 | 10-12 || total
-------------------------+-------+-------+-------+-------++-------
Melee: Long sword        |    86 |       |       |       ||    86
       Battleaxe         |    14 |    52 |   105 |       ||   171
       Kick              |       |       |    49 |    33 ||    82
       Whip              |       |       |    96 |    80 ||   176
       Touch             |       |       |    20 |    18 ||    38
       Punch             |       |       |     1 |     3 ||     4
  Use: Scroll            |       |       |     6 |       ||     6
       Potion            |       |       |     2 |     1 ||     3
Armor: Leather armour    |     8 |       |       |       ||     8
       Ring mail         |    34 |    12 |    56 |    10 ||   112
Dodge: Dodged            |    68 |    27 |   179 |    59 ||   333
Block: Other             |     7 |    15 |    60 |    29 ||   111
       Reflection        |       |       |     2 |       ||     2

Table legend: (Time is in decaauts)
 A = Elapsed time spent in this place.
 B = Non-inter-level travel time spent in this place.
 C = Inter-level travel time spent in this place.
 D = Time resting spent in this place.
 E = Time spent auto-exploring this place.
 F = Levels seen in this place.
 G = Mean time per level.
                   A        B        C        D        E       F      G
               +--------+--------+--------+--------+--------+-----+--------+
         Total |   8244 |   8059 |    185 |   1509 |   4876 |   9 |  916.0 |
       Dungeon |   8026 |   7841 |    185 |   1509 |   4689 |   8 | 1003.2 |
        Temple |    217 |    217 |      0 |      0 |    187 |   1 |  217.0 |
               +--------+--------+--------+--------+--------+-----+--------+

Top non-repeatable levels by time:
     D:7: 1841 daAuts
     D:6: 1377 daAuts
     D:4: 947 daAuts
     D:1: 846 daAuts
     D:2: 840 daAuts
     D:3: 834 daAuts
     D:5: 809 daAuts
     D:8: 530 daAuts
  Temple: 217 daAuts
